Map: Lost and Found LE

Players

Raze

  • Race: Protoss Protoss
  • Spawn Location: 7:00

SortOf - Winner!

  • Race: Zerg Zerg
  • Spawn Location: 1:00

Event: WCS Austin 2018

VOD

Have the link to the VOD?

Description

Time

  • Played on: June 1, 2018, 3:16 p.m.
  • Length: 10:17

All games in this series

Show
View Real Time Build Order
Export as new Build Order

Raze Protoss 

Build Orders: 1 Gate Expand, Oracle Opening, Phoenix Opening, Archon Immortal, Zealot Archon, Archon Drop 

Get SALT Encoding   

  12  0:00  Probe  
  13  0:13  Probe  
  14  0:21  Pylon  
  14  0:25  Probe  
  15  0:35  Probe  
  16  0:43  Gateway, Probe  
  16  0:49  Assimilator  
  17  0:53  Probe  
  18  1:05  Probe  
  19  1:17  Probe  
  20  1:23  Nexus  
  20  1:35  Cybernetics Core  
  20  1:37  Probe  
  21  1:44  Assimilator  
  21  1:49  Probe  
  21  1:53  Pylon  
  22  2:01  Probe  
  22  2:02  Adept  
  23  2:09  Probe  
  26  2:18  Stargate, Probe  
  27  2:28  Warp Gate  
  27  2:31  Adept, Probe  
  27  2:33  Probe  
  31  2:39  Probe  
  31  2:45  Probe  
  31  2:49  Probe  
  32  2:56  Phoenix  
  33  3:00  Probe  
  33  3:01  Probe  
  37  3:12  Probe  
  38  3:13  Probe  
  38  3:14  Gateway  
  38  3:19  Oracle  
  39  3:24  Pylon, Probe  
  43  3:27  Probe  
  44  3:35  Probe  
  44  3:36  Probe  
  46  3:43  Twilight Council, Probe  
  46  3:47  Assimilator  
  48  3:48  Probe  
  48  3:49  Assimilator  
  48  3:56  Probe  
  48  4:00  Robotics Facility, Probe  
  48  4:02  Pylon  
  50  4:08  Probe  
  50  4:09  Charge  
  51  4:12  Probe  
  51  4:13  Gateway  
  52  4:20  Probe  
  53  4:24  Probe  
  53  4:30  Gateway x2  
  54  4:33  Gateway  
  54  4:38  Templar Archives  
  54  4:42  Warp Prism  
  54  4:46  Zealot x2  
  60  4:55  Pylon  
  60  5:12  Nexus  
  58  5:14  Pylon  
  58  5:20  Zealot x2  
  62  5:27  Observer  
  63  5:38  Pylon  
  63  5:39  High Templar, Pylon  
  63  5:40  High Templar x2  
  63  5:41  High Templar  
  71  5:43  Zealot x2  
  71  5:44  Archon x2  
  75  5:57  Forge  
  75  5:58  Pylon  
  75  6:04  Zealot x2  
  79  6:08  Psionic Storm  
  79  6:13  Immortal  
  79  6:15  Probe x2  
  85  6:24  Robotics Facility, Probe  
  86  6:27  Probe x2  
  88  6:37  Probe  
  88  6:39  Probe  
  90  6:44  High Templar  
  90  6:45  Probe  
  93  6:47  Pylon  
  93  6:49  Probe  
  93  6:51  High Templar, Probe  
  93  6:53  Immortal  
  101  6:56  Protoss Ground Weapons Level 1  
  101  6:57  Probe  
  101  7:01  Probe  
  103  7:03  Probe  
  103  7:06  Zealot x3  
  103  7:07  Archon  
  103  7:08  Zealot  
  107  7:09  Probe  
  107  7:13  Probe  
  107  7:18  Probe  
  107  7:20  Assimilator  
  107  7:21  Probe  
  109  7:30  High Templar  
  109  7:36  High Templar  
  108  7:37  Probe x3  
  106  7:45  Assimilator  
  106  7:48  High Templar  
  108  7:55  Immortal  
  108  7:56  Warp Prism  
  110  8:00  Gateway  
  110  8:03  Zealot x4, Gateway  
  118  8:10  Probe x2  
  120  8:16  Stalker  
  122  8:32  Zealot x2  
  107  8:47  Archon  
  107  8:48  Zealot x4  
  86  8:56  Zealot x2  
  86  9:01  Probe x2  
  86  9:02  Immortal, Probe  
  89  9:03  Immortal  
  89  9:08  High Templar  
  89  9:09  High Templar x2  
  99  9:13  Probe  
  99  9:14  Assimilator, Probe x2  
  102  9:17  High Templar  
  102  9:18  Zealot, High Templar  
  102  9:23  Archon  
  108  9:25  Probe  
  108  9:26  Probe  
  108  9:30  Zealot  
  112  9:31  Zealot  
  112  9:38  Pylon  
  114  9:40  Pylon  
  114  9:44  Zealot, Pylon  
  117  9:54  High Templar  
  118  10:03  High Templar x2  
  110  10:13  Zealot  
Show
View Real Time Build Order
Export as new Build Order

SortOf Zerg - Winner!

Build Orders: Hatch First, Roach Hydra 

Get SALT Encoding   

  12  0:00  Drone  
  13  0:12  Overlord  
  13  0:16  Drone  
  14  0:30  Drone x2  
  16  0:48  Hatchery  
  15  0:52  Drone  
  15  0:55  Drone  
  17  0:59  Drone  
  18  1:09  Extractor  
  17  1:14  Spawning Pool  
  17  1:16  Drone  
  17  1:20  Drone  
  18  1:28  Drone  
  19  1:39  Drone  
  20  1:50  Overlord  
  20  2:00  Queen x2  
  24  2:01  Zergling x4  
  26  2:12  Drone x2  
  28  2:19  Metabolic Boost  
  28  2:22  Drone x2  
  30  2:33  Hatchery  
  30  2:36  Drone  
  30  2:42  Overlord  
  30  2:46  Drone x2  
  32  2:55  Drone x2  
  34  3:04  Queen  
  36  3:07  Drone x2  
  36  3:10  Drone x3  
  41  3:15  Overlord  
  41  3:20  Zergling x2  
  41  3:23  Queen  
  44  3:29  Overlord  
  44  3:34  Overlord  
  44  3:37  Drone  
  45  3:41  Drone  
  45  3:42  Drone x4  
  45  3:45  Spore Crawler  
  45  3:46  Spore Crawler  
  45  3:47  Queen  
  50  3:54  Drone x4  
  54  4:01  Drone x2  
  56  4:09  Overlord  
  56  4:12  Overlord  
  56  4:14  Drone x6  
  62  4:18  Spore Crawler  
  62  4:22  Zergling x2  
  62  4:23  Zergling x6  
  64  4:26  Lair  
  64  4:31  Extractor  
  64  4:32  Drone, Roach Warren, Extractor  
  64  4:34  Extractor  
  64  4:36  Drone x2  
  63  4:39  Drone x2  
  66  4:45  Drone  
  66  4:46  Drone x2  
  66  4:47  Overlord  
  66  4:52  Overlord  
  68  4:55  Drone x6  
  73  5:02  Extractor  
  73  5:05  Extractor  
  71  5:10  Overlord x2  
  71  5:11  Roach x2  
  75  5:19  Roach x6  
  87  5:21  Overlord  
  87  5:24  Evolution Chamber, Overseer  
  87  5:28  Glial Reconstitution  
  86  5:29  Drone x2  
  86  5:31  Drone  
  86  5:32  Drone  
  90  5:36  Drone x2  
  90  5:39  Drone  
  90  5:40  Overseer  
  93  5:43  Hydralisk Den  
  93  5:46  Roach, Zergling x2  
  95  5:53  Drone x2  
  95  5:54  Overlord  
  95  5:55  Drone  
  95  5:56  Drone x4  
  102  6:01  Overlord  
  102  6:03  Roach x3  
  107  6:11  Overlord  
  107  6:12  Zerg Missile Weapons Level 1  
  107  6:13  Muscular Augments  
  107  6:15  Pneumatized Carapace, Hydralisk  
  107  6:16  Hydralisk  
  107  6:18  Overlord  
  111  6:23  Hydralisk x2  
  115  6:34  Hydralisk x4  
  122  6:41  Hydralisk x3  
  122  6:43  Overlord  
  122  6:44  Roach x2  
  132  6:49  Overlord  
  132  6:51  Roach x2  
  136  6:59  Overlord  
  134  7:08  Roach x9  
  150  7:17  Hydralisk x3  
  155  7:24  Grooved Spines  
  155  7:35  Hydralisk  
  155  7:36  Hydralisk x3  
  161  7:46  Overlord  
  161  7:52  Overlord  
  161  7:58  Hatchery  
  160  8:01  Lurker Den  
  160  8:04  Overlord  
  160  8:05  Hydralisk x6  
  154  8:08  Hatchery  
  165  8:13  Drone x2, Hydralisk x3  
  169  8:34  Hydralisk x7  
  161  8:48  Hydralisk x4  
  161  8:52  Overlord x6  
  143  9:02  Hydralisk x2  
  133  9:11  Roach x7  
  147  9:26  Roach x6  
  147  9:28  Extractor  
  147  9:31  Drone x2, Extractor  
  159  9:40  Roach x9  
  176  9:46  Drone x2  
  176  9:47  Drone  
  179  9:55  Roach x5  
Tags
 
Add a new tag
Caveats
  • Supply blocks, unpowered buildings, or Contaminate may cause inaccurate times.
  • Supply counts are checked every 10 seconds.